 Dungeon Crawl Stone Soup version 0.29.1-12-g30fa7ad0bf (webtiles) character file.

Game seed: 5840853022949759254

684 Woods the Insei (level 7, -7/53 HPs)
             Began as a Gnoll Transmuter on Dec 23, 2022.
             Was an Initiate of Cheibriados.
             Mangled by an ice beast (14 damage)
             ... on level 5 of the Dungeon.
             The game lasted 00:07:48 (5383 turns).

Woods the Insei (Gnoll Transmuter)                  Turns: 5383, Time: 00:07:49

Health: -7/53      AC:  2    Str: 11    XL:     7   Next: 62%
Magic:  12/15      EV: 23    Int: 15    God:    Cheibriados [......]
Gold:   189        SH:  0    Dex: 18    Spells: 11/17 levels left

rFire   . . .      SeeInvis .     - Unarmed
rCold   . . .      Faith    .   (shield currently unavailable)
rNeg    . . .      Spirit   .   (body armour currently unavailable)
rPois   x          Reflect  .   (helmet currently unavailable)
rElec   .          Harm     .   (cloak currently unavailable)
rCorr   .          Rampage  .   (gloves currently unavailable)
Will    .....                   (boots currently unavailable)
Stlth   ++........              (no amulet)
HPRegen 0.17/turn               (no ring)
MPRegen 0.14/turn               (no ring)

@: spider-form, slow
A: venomous fangs, tiny, (fangs 1), strong nose, distributed training
a: End Transformation, Renounce Religion


You were on level 5 of the Dungeon.
You worshipped Cheibriados.
Cheibriados was noncommittal.
You were a venomous arachnid creature.
You visited 2 branches of the dungeon, and saw 6 of its levels.
You also visited: Sewer.

You collected 189 gold pieces.

Inventory:

Armour
 a - a +0 robe
 e - a +2 robe of willpower (melded)
Wands
 i - a wand of quicksilver (13)
Scrolls
 d - a scroll of brand weapon {unknown}
 g - 3 scrolls of amnesia {unknown}
 h - a scroll of poison {unknown}
 j - 2 scrolls of immolation
 m - 3 scrolls of fog {unknown}
 o - 4 scrolls of identify {unknown}
 p - 2 scrolls of teleportation
 r - a scroll of noise {unknown}
 t - a scroll of magic mapping {unknown}
 u - a scroll of enchant weapon {unknown}
Potions
 b - 3 potions of lignification
 c - 2 potions of mutation {unknown}
 f - 5 potions of curing {unknown}
 k - 2 potions of might {unknown}
 l - 5 potions of flight
 n - 2 potions of degeneration {unknown}
 q - a potion of attraction {unknown}
 s - a potion of cancellation {unknown}
 v - a potion of magic {unknown}
 w - a potion of heal wounds {unknown}


   Skills:
 + Level 3.8 Fighting
 + Level 2.7 Short Blades
 + Level 2.7 Long Blades
 + Level 2.7 Axes
 + Level 2.7 Maces & Flails
 + Level 2.7 Polearms
 + Level 2.7 Staves
 + Level 2.7 Ranged Weapons
 + Level 2.7 Throwing
 + Level 2.7 Armour
 + Level 5.3 Dodging
 + Level 2.7 Stealth
 + Level 2.7 Shields
 + Level 7.1 Unarmed Combat
 + Level 5.7 Spellcasting
 + Level 2.2 Conjurations
 + Level 2.2 Hexes
 + Level 2.2 Summonings
 + Level 2.2 Necromancy
 + Level 2.2 Translocations
 + Level 4.4 Transmutations
 + Level 2.2 Fire Magic
 + Level 2.2 Ice Magic
 + Level 2.2 Air Magic
 + Level 2.2 Earth Magic
 + Level 2.2 Poison Magic
 + Level 3.0 Invocations
 + Level 2.7 Evocations


You had 11 spell levels left.
You knew the following spells:

 Your Spells              Type           Power      Damage    Failure   Level
a - Beastly Appendage     Tmut           34%        N/A       10%         1
b - Wereblood             Tmut           17%        N/A       12%         2
c - Spider Form           Tmut/Pois      14%        N/A       28%         3

Your spell library contained the following spells:

 Spells                   Type           Power      Damage    Failure   Level
 Ice Form                 Ice/Tmut       14%        N/A       58%         4
 Fulminant Prism          Conj/Hex       5%         3d7       73%         4
 Iskenderun's Mystic Bla  Conj/Tloc      10%        2d4       73%         4
 Lee's Rapid Deconstruct  Erth           5%         3d7*      95%         5


Dungeon Overview and Level Annotations

Branches:
Dungeon (5/15)             Temple (1/1) D:4           Sewer (visited)

Altars:
Cheibriados
Dithmenos
Gozag
Kikubaaqudgha
Makhleb
Okawaru
Qazlal
Ru
Trog
Uskayaw
Vehumet
Xom
Zin


Innate Abilities, Weirdness & Mutations

You are a venomous arachnid creature.
You have poisonous fangs.
You are tiny and dextrous.
Your spellcasting is less reliable in this form.
Your armour is entirely melded.
You are incapable of wielding weapons or throwing items.
((You have very sharp teeth.))
Your uncanny sense of smell can sniff out nearby items.
Your experience applies equally to all skills.


Message History

You headbutt the ice beast.
You bite the ice beast, but do no damage.
The ice beast is moderately wounded.
The ice beast barely misses you.
You hit the ice beast.
The ice beast is heavily wounded.
The ice beast hits you. The ice beast freezes you!
You hit the ice beast but do no damage. Your kick misses the ice beast.
The ice beast is heavily wounded.
The ice beast hits you. The ice beast freezes you!
You are too injured to fight recklessly!
You are too injured to fight recklessly!
You are too injured to fight recklessly!
You are too injured to fight recklessly!
There are no items here.
You barely miss the ice beast. Your headbutt misses the ice beast.
The ice beast is heavily wounded.
You barely miss the ice beast. Your kick misses the ice beast.
The ice beast is heavily wounded.
The ice beast hits you. The ice beast freezes you!
* * * LOW HITPOINT WARNING * * *
Casting: Beastly Appendage (safe; 2% risk of failure)
Confirm with . or Enter, or press ? or * to list all spells.
Your horns disappear.
Your talons disappear.
You turn into a venomous arachnid creature.
Your +2 robe of willpower melds into your body.
You feel less strong-willed. The ice beast barely misses you.
Unknown command.
You hit the ice beast.
The ice beast is poisoned.
The ice beast is heavily wounded.
The ice beast misses you.
You barely miss the ice beast.
The ice beast is heavily wounded.
The ice beast barely misses you.
You hit the ice beast.
The ice beast is severely wounded.
The ice beast hits you.
* * * LOW HITPOINT WARNING * * *
The ice beast freezes you!
You die...

∆ ### #s#
##Y......
∆ ...>..#
#8..8##
#..##
#..# #.#
.#


You could see an ice beast (very poisoned).

Vanquished Creatures
  Edmund (D:4)
  A black bear (D:4)
  An ogre (D:4)
  2 hounds (D:4)
  An iguana (D:4)
  An orc priest (D:4)
  A merfolk siren (Sewer)
  A merfolk avatar (Sewer)
  3 gnolls (D:2)
  4 adders
  5 river rats
  An ufetubus (D:4)
  A worm (D:3)
  3 dart slugs (D:1)
  11 orcs
  14 ball pythons
  3 endoplasms
  8 giant cockroaches
  8 hobgoblins
  9 kobolds
  6 quokkas
  A bat (D:3)
  7 frilled lizards
  3 goblins
  23 rats
119 creatures vanquished.

Vanquished Creatures (others)
  A plant (D:4)
1 creature vanquished.

Grand Total: 120 creatures vanquished

Notes
Turn   | Place    | Note
-------+----------+-------------------------------------------
     0 | D:1      | Woods the Gnoll Transmuter began the quest for the Orb.
     0 | D:1      | Reached XP level 1. HP: 17/17 MP: 6/6
   290 | D:1      | Reached XP level 2. HP: 23/23 MP: 5/7
   840 | D:1      | Reached skill level 5 in Spellcasting
   840 | D:1      | Reached XP level 3. HP: 25/28 MP: 6/9
  1251 | D:2      | Reached skill level 1 in Invocations
  1256 | D:2      | Reached skill level 1 in Short Blades
  1256 | D:2      | Reached skill level 1 in Long Blades
  1256 | D:2      | Reached skill level 1 in Axes
  1256 | D:2      | Reached skill level 1 in Maces & Flails
  1256 | D:2      | Reached skill level 1 in Polearms
  1256 | D:2      | Reached skill level 1 in Staves
  1256 | D:2      | Reached skill level 1 in Ranged Weapons
  1256 | D:2      | Reached skill level 1 in Throwing
  1256 | D:2      | Reached skill level 1 in Armour
  1256 | D:2      | Reached skill level 1 in Stealth
  1256 | D:2      | Reached skill level 1 in Shields
  1256 | D:2      | Reached skill level 1 in Evocations
  1259 | D:2      | Reached XP level 4. HP: 24/34 MP: 11/11
  1779 | D:2      | Reached skill level 1 in Conjurations
  1779 | D:2      | Reached skill level 1 in Hexes
  1779 | D:2      | Reached skill level 1 in Summonings
  1779 | D:2      | Reached skill level 1 in Necromancy
  1779 | D:2      | Reached skill level 1 in Translocations
  1779 | D:2      | Reached skill level 1 in Fire Magic
  1779 | D:2      | Reached skill level 1 in Ice Magic
  1779 | D:2      | Reached skill level 1 in Air Magic
  1779 | D:2      | Reached skill level 1 in Earth Magic
  1779 | D:2      | Reached skill level 1 in Poison Magic
  2236 | D:3      | Reached XP level 5. HP: 27/40 MP: 12/12
  2269 | D:3      | Learned a level 2 spell: Wereblood
  2273 | D:3      | Learned a level 3 spell: Spider Form
  2276 | D:3      | Found a glowing drain.
  2285 | Sewer    | Entered a sewer
  2900 | Sewer    | Noticed a malarious merfolk avatar
  2915 | Sewer    | Reached XP level 6. HP: 35/47 MP: 13/13
  3471 | D:3      | Found a faded altar of an unknown god.
  3508 | D:3      | Reached skill level 5 in Dodging
  3694 | D:4      | Noticed a black bear
  4504 | D:4      | Noticed Edmund
  4550 | D:4      | Reached skill level 7 in Unarmed Combat
  4550 | D:4      | Reached XP level 7. HP: 39/52 MP: 15/15
  4951 | D:4      | Killed Edmund
  5117 | D:4      | Found a staircase to the Ecumenical Temple.
  5137 | Temple   | Entered the Ecumenical Temple
  5317 | Temple   | Became a worshipper of Cheibriados the Contemplative
  5368 | D:5      | Entered Level 5 of the Dungeon
  5383 | D:5      | Mangled by an ice beast

Illustrated notes

Levels and vault maps discovered:
D:1:      dpeg_arrival_stone_temple_mockup, layout_basic, interstate_on_off,
          minmay_misc_feat_columns, chequers_serial_rivers_micro_a,
          st_stairs_12, chequers_hall_statues_corner_a
D:2:      layout_loops_ring
D:3:      layout_rooms, portal_sewer_entry_b, hellmonk_ecumenical_altar_blasted
D:4:      layout_basic, minmay_temple_entry_overgrown, uniq_edmund
D:5:      layout_basic, chequers_temple_overflow_minitemple, st_stairs_6,
          kennysheep_minor_cross
Temple:   hellmonk_temple_forest_ring

Skill      XL: |  1  2  3  4  5  6  7 |
---------------+----------------------+-----
Spellcasting   | 5 |  5.7
Invocations    | 1 2 3 |  3.0
Short Blades   | 1 2 |  2.7
Long Blades    | 1 2 |  2.7
Axes           | 1 2 |  2.7
Maces & Flails | 1 2 |  2.7
Polearms       | 1 2 |  2.7
Staves         | 1 2 |  2.7
Ranged Weapons | 1 2 |  2.7
Throwing       | 1 2 |  2.7
Armour         | 1 2 |  2.7
Stealth        | 1 2 |  2.7
Shields        | 1 2 |  2.7
Evocations     | 1 2 |  2.7
Conjurations   | 1 2 |  2.2
Hexes          | 1 2 |  2.2
Summonings     | 1 2 |  2.2
Necromancy     | 1 2 |  2.2
Translocations | 1 2 |  2.2
Fire Magic     | 1 2 |  2.2
Ice Magic      | 1 2 |  2.2
Air Magic      | 1 2 |  2.2
Earth Magic    | 1 2 |  2.2
Poison Magic   | 1 2 |  2.2
Fighting       | 3 |  3.8
Transmutations | 4 |  4.4
Dodging        | 5 |  5.3
Unarmed Combat | 7 |  7.1

Action                   |  1- 3 |  4- 6 |  7- 9 || total
-------------------------+-------+-------+-------++-------
Melee: Unarmed           |    68 |   211 |    42 ||   321
       Kick              |    13 |    43 |     5 ||    61
       Headbutt          |     9 |    20 |     2 ||    31
       Punch             |     1 |     6 |     1 ||     8
       Bite              |     3 |     6 |     2 ||    11
 Cast: Beastly Appendage |    15 |    31 |     5 ||    51
       Spider Form       |       |       |     3 ||     3
 Abil: End Transformatio |       |       |     1 ||     1
 Stab: Sleeping          |     1 |     6 |       ||     7
Armor: Robe              |     8 |    38 |     2 ||    48
Dodge: Dodged            |    37 |    99 |    46 ||   182
